 Dungeon Crawl Stone Soup version 0.25.1-8-g42b30a86e7 (webtiles) character file.

Game seed: 11837900984745807887

399 zeroc00l the Chopper (level 6, -1/56 HPs)
             Began as a Hill Orc Fighter on Dec 15, 2020.
             Slain by a killer bee (6 damage)
             ... on level 5 of the Dungeon.
             The game lasted 00:09:45 (2216 turns).

zeroc00l the Chopper (Hill Orc Fighter)             Turns: 2216, Time: 00:09:46

Health: -1/56      AC: 10    Str: 19 (21) XL:     6   Next: 84%
Magic:  6/6        EV:  7    Int:  8      God:
Gold:   140        SH:  9    Dex:  8 (10) Spells: 5/5 levels left

rFire    + . .     SeeInvis .   a - +0 war axe
rCold    x . .     Gourm    .   c - +0 kite shield
rNeg     + . .     Faith    .   b - +0 scale mail
rPois    .         Spirit   .   B - +0 helmet
rElec    .         Reflect  .   (no cloak)
rCorr    .         Harm     .   p - +0 pair of gloves
MR       .....                  g - +0 pair of boots
Stlth    ..........             (no amulet)
HPRegen  0.18/turn              e - ring of fire
MPRegen  0.10/turn              i - ring of positive energy

@: lethally poisoned (-1 -> -3), very slightly contaminated
A: no striking features
a: no special abilities


You were on level 5 of the Dungeon.
You were not hungry.

You visited 1 branch of the dungeon, and saw 5 of its levels.

You collected 140 gold pieces.

Inventory:

Hand Weapons
 a - a +0 war axe (weapon)
Missiles
 v - 19 bolts
 y - 9 poisoned darts (quivered)
 z - 3 boomerangs
Armour
 b - a +0 scale mail (worn)
 c - a +0 kite shield (worn)
 g - a +0 pair of boots (worn)
 j - a +0 plate armour
 m - a +0 buckler
 p - a +0 pair of gloves (worn)
 B - a +0 helmet (worn)
Jewellery
 e - a ring of fire (left hand)
 i - a ring of positive energy (right hand)
 t - an uncursed ring of flight
Scrolls
 h - a scroll of random uselessness {unknown}
 k - a scroll of identify
 l - a scroll of remove curse
 n - a scroll of magic mapping {unknown}
 o - a scroll of amnesia {unknown}
 u - a scroll of noise {unknown}
 w - a scroll of enchant weapon {unknown}
 x - a scroll of blinking {unknown}
Potions
 d - a potion of might
 s - a potion of heal wounds {unknown}
 A - a potion of magic {unknown}
Comestibles
 f - 3 rations


   Skills:
 + Level 5.3 Fighting
 * Level 5.7 Axes
 + Level 4.8 Armour
 + Level 4.7 Shields


You had 5 spell levels left.
You didn't know any spells.
Your spell library was empty.

Dungeon Overview and Level Annotations

Branches:
Dungeon (5/15)
 Temple: D:4-7

Altars:
Elyvilon
Vehumet


Message History

You feel sick. The killer bee barely misses you.
You feel sick. You block the killer bee's attack.
You feel sick. You block the killer bee's attack.
You feel sick.
The killer bee stings you but does no damage.
You feel sick. You block the killer bee's attack.
You feel sick. The killer bee barely misses you.
You flicker for a moment.
You feel sick. You block the killer bee's attack.
You feel sick. The killer bee stings you.
* * * LOW HITPOINT WARNING * * *
The killer bee stings you but does no damage.
You feel sick.
The killer bee stings you but does no damage.
The killer bee closely misses you. You block the killer bee's attack.
The killer bee closely misses you.
You flicker back into view.
You feel sick. The killer bee completely misses you. The killer bee stings you.
You die...

#........###...##
#####......^.##..###
.............#.<##
###....###.รท..##
####..##.#####
##........####
##>.####.....
####............
#.....@......##
#.##.yyy....## ##..
#.y......# ..!..
##........#
#.##.###.........#
#.##.#...........#
#.##...#.........#
#.####...........# #
#.# ##.#.###.#####


You could see 4 killer bees.

Vanquished Creatures
  A phantom (D:5)
  A bullfrog zombie (D:5)
  2 orc wizards (D:4)
  A bullfrog skeleton (D:4)
  An iguana (D:5)
  A worker ant (D:4)
  A hound skeleton (D:5)
  Robin (D:4)
  3 adders
  A shadow imp (D:5)
  2 worms (D:2)
  2 dart slugs
  3 leopard geckos
  5 orcs (D:4)
  A ball python (D:3)
  5 giant cockroaches
  16 goblins
  10 hobgoblins
  5 kobolds
  2 quokkas
  6 bats
  5 frilled lizards
  6 rats
81 creatures vanquished.

Notes
Turn   | Place    | Note
-------+----------+-------------------------------------------
     0 | D:1      | zeroc00l the Hill Orc Fighter began the quest for the Orb.
     0 | D:1      | Reached XP level 1. HP: 19/19 MP: 1/1
   261 | D:1      | Reached XP level 2. HP: 27/27 MP: 2/2
   469 | D:2      | Reached XP level 3. HP: 33/33 MP: 3/3
   770 | D:2      | Found a white marble altar of Elyvilon.
   908 | D:3      | Found a radiant altar of Vehumet.
   945 | D:3      | Reached XP level 4. HP: 27/41 MP: 4/4
  1425 | D:4      | Reached XP level 5. HP: 47/47 MP: 5/5
  1512 | D:4      | Noticed Robin
  1920 | D:4      | Killed Robin
  1921 | D:4      | Reached skill level 5 in Axes
  1921 | D:4      | Reached XP level 6. HP: 37/55 MP: 6/6
  2074 | D:5      | Entered Level 5 of the Dungeon
  2085 | D:5      | Reached skill level 5 in Fighting
  2144 | D:5      | Noticed a phantom
  2201 | D:5      | Killed a phantom
  2216 | D:5      | Slain by a killer bee

Illustrated notes

Levels and vault maps discovered:
D:1:      dpeg_arrival_tiny_i, layout_loops_ring
D:2:      layout_basic, elyvilon_altar_4
D:3:      layout_basic, vehumet_crystals, first_ration, minivault_24,
          corner_web_ring, minmay_stone_trees_small
D:4:      layout_cave_pools, minitemple, fedhas_bush_and_centaur_altar,
          uniq_menkaure, uniq_eustachio, uniq_robin, uniq_duvessa
D:5:      layout_rooms, xom_butterflies, ashenzari_conservatory_becter,
          kennysheep_small_square, uniq_blork_the_orc

Skill      XL: |  1  2  3  4  5  6 |
---------------+-------------------+-----
Axes           | 3 4 5 |  5.7
Fighting       | 4 5 |  5.3
Shields        | 4 |  4.7
Armour         | 4 |  4.8

Action                   |  1- 3 |  4- 6 || total
-------------------------+-------+-------++-------
Melee: War axe           |   138 |   127 ||   265
Throw: Dart              |       |     7 ||     7
  Use: Scroll            |       |     2 ||     2
       Potion            |       |     4 ||     4
  Eat: Chunk             |       |     5 ||     5
Armor: Scale mail        |    55 |    77 ||   132
Dodge: Dodged            |    47 |    57 ||   104
Block: Kite shield       |    81 |    74 ||   155
